 Dungeon Crawl Stone Soup version 0.20.0-15-g7f486f2 (webtiles) character file.

23 vishdafish the Grasshopper (level 2, 0/14 HPs)
             Began as a Spriggan Warper on June 18, 2017.
             Succumbed to an adder's poison
             ... on level 1 of the Dungeon.
             The game lasted 00:07:39 (1263 turns).

vishdafish the Grasshopper (Spriggan Warper)        Turns: 1263, Time: 00:07:40

Health: 0/14       AC:  2    Str:  7    XL:     2   Next: 72%
Magic:  6/6        EV: 19    Int: 14    God:
Gold:   6          SH:  0    Dex: 15    Spells: 6/6 levels left

rFire    . . .     SeeInvis +   j - +0 dagger
rCold    . . .     Gourm    .   (shield restricted)
rNeg     . . .     Faith    .   b - +0 robe
rPois    .         Spirit   .   (helmet restricted)
rElec    .         Reflect  .   (no cloak)
rCorr    .         Harm     .   (gloves unavailable)
MR       .....                  (boots unavailable)
Stlth    ++........             (no amulet)
Regen    0.1/turn               (no ring)
MPRegen  0.1/turn               (no ring)

@: lethally poisoned (0 -> -5), flying, very slightly contaminated, hasted,
invisible, very quick
A: unfitting armour, see invisible, herbivore 3, speed 3, slow metabolism 2
a: no special abilities


You were on level 1 of the Dungeon.
You were not hungry.

You visited 1 branch of the dungeon, and saw 1 of its levels.

You collected 6 gold pieces.

Inventory:

Hand Weapons
 a - a +0 short sword
 j - a +0 dagger (weapon)
Missiles
 e - 2 tomahawks of dispersal (quivered)
Armour
 b - a +0 robe (worn)
Scrolls
 d - 2 scrolls of blinking
 i - a scroll of teleportation {unknown}
Books
 c - a book of Spatial Translocations

   Spells                             Type                      Level
   a - Blink                          Translocation                2
   b - Shroud of Golubria             Charms/Translocation         2
   c - Lesser Beckoning               Translocation                3
   d - Gell's Gravitas                Translocation                3
   e - Teleport Other                 Translocation                3
   f - Passage of Golubria            Translocation                4
Comestibles
 f - a bread ration


   Skills:
 - Level 1.5 Fighting
 + Level 2.5 Short Blades
 - Level 1.0 Throwing
 + Level 4.4 Dodging
 * Level 2.1 Stealth
 - Level 2.6 Spellcasting
   Level 4.4 Translocations


You had 6 spell levels left.
You didn't know any spells.

Dungeon Overview and Level Annotations

Branches:
Dungeon (1/15)

Altars:


Innate Abilities, Weirdness & Mutations

You are very small and have problems with some larger weapons.
You are too small for most types of armour.
You have supernaturally acute eyesight. (SInv)
You are a herbivore.
You cover ground extremely quickly.
You need consume almost no food.


Message History

You are lethally poisoned!
The adder poisons you!
It was a potion of flight.
You feel very buoyant.
You fly up into the air.
* * * LOW HITPOINT WARNING * * *
You feel sick. The adder bites you but does no damage.
You see here a giant cockroach corpse.
It was a potion of invisibility.
You fade into invisibility!
* * * LOW HITPOINT WARNING * * *
You feel sick. The adder closely misses you.
You are very lightly contaminated with residual magic.
It was a potion of haste.
You feel yourself speed up. The adder closely misses you. x2
You closely miss the adder.
The adder is severely wounded.
You hit the adder.
The adder is almost dead.
You die...

##......>.............PPPP..PPPPP
#..###...)......s.....PPP.PPP...P
..## ##.#...##..#.....PPP.PP.PPP.
.## ##.#...###.#.....PP.PP.PP.PP
######....#...........PP.P.PP.P.P
##......######.##.....PP.P.P.PPP.
##.....## #.######.PP.P.PP.P.P
##.....# #†####...PP.PP.PP.PP
#.....# #.S@.....PPP.PP.PPP.
#.....# ########.PPP.PPP...P
#.....#


#.PPPP..PPPPP #.....# #.PPPPPP..... ####### #.PPPPPPPP.PP #.†........##
############ You could see an adder (wandering).

Vanquished Creatures
  A dart slug (D:1)
  3 leopard geckos (D:1)
  A giant cockroach (D:1)
  A goblin (D:1)
  3 hobgoblins (D:1)
  2 bats (D:1)
  4 kobolds (D:1)
  2 rats (D:1)
17 creatures vanquished.

Notes
Turn   | Place    | Note
-------+----------+-------------------------------------------
     0 | D:1      | vishdafish the Spriggan Warper began the quest for the Orb.
     0 | D:1      | Reached XP level 1. HP: 10/10 MP: 5/5
   290 | D:1      | Reached skill level 1 in Stealth
   455 | D:1      | Reached XP level 2. HP: 7/14 MP: 6/6
  1263 | D:1      | Succumbed to an adder's poison

Skill      XL: |  1  2 |
---------------+-------+-----
Stealth        | 1 2 |  2.1
Dodging        | 4 |  4.4
Fighting       | |  1.5
Short Blades   | |  2.5
Throwing       | |  1.0
Spellcasting   | |  2.6
Translocations | |  4.4

Action                   || total
-------------------------++-------
Melee: Short sword       ||    54
       Dagger            ||    78
Throw: Tomahawk          ||     3
  Use: Potion            ||     3
Armor: Robe              ||     9
Dodge: Dodged            ||   106
